 Dungeon Crawl Stone Soup version 0.27-a0-1181-g5f64966fcc (webtiles) character file.

Game seed: 11100347703212575298

53 bilbop the Shield-Bearer (level 3, 0/33 HPs)
             Began as a Minotaur Fighter on May 17, 2021.
             Slain by Sigmund
             ... wielding a +0 vampiric scythe
              (1 damage)
             ... on level 2 of the Dungeon.
             The game lasted 00:05:15 (1092 turns).

bilbop the Shield-Bearer (Minotaur Fighter)         Turns: 1092, Time: 00:05:16

Health: 0/33       AC:  7    Str: 20    XL:     3   Next: 62%
Magic:  0/2        EV:  7    Int:  5    God:
Gold:   101        SH:  0    Dex: 10    Spells: 2/2 levels left

rFire    . . .     SeeInvis .   a - +0 trident
rCold    . . .     Faith    .   c - +0 kite shield
rNeg     . . .     Spirit   +   b - +0 scale mail
rPois    .         Reflect  .   (helmet restricted)
rElec    .         Harm     .   (no cloak)
rCorr    .         Rampage  .   (no gloves)
Will     .....                  (no boots)
Stlth    ..........             g - amulet of guardian spirit
HPRegen  0.11/turn              (no ring)
MPRegen  0.08/turn              (no ring)

@: confused
A: horns 2, retaliatory headbutt
a: no special abilities


You were on level 2 of the Dungeon.
You visited 1 branch of the dungeon, and saw 2 of its levels.

You collected 101 gold pieces.

Inventory:

Hand Weapons
 a - a +0 trident (weapon)
Missiles
 k - 46 stones (quivered)
 l - 26 bolts
Armour
 b - a +0 scale mail (worn)
 c - a +0 kite shield (worn)
Jewellery
 g - an amulet of guardian spirit (around neck)
Scrolls
 h - a scroll of identify {unknown}
 j - a scroll of enchant weapon {unknown}
Potions
 d - a potion of might
 e - a potion of heal wounds {unknown}
 f - a potion of curing {unknown}
 i - 2 potions of flight {unknown}


   Skills:
 + Level 4.2 Fighting
 + Level 3.1 Polearms
 + Level 4.2 Armour
 + Level 4.2 Shields


You had 2 spell levels left.
You didn't know any spells.
Your spell library was empty.

Dungeon Overview and Level Annotations

Branches:
Dungeon (2/15)

Altars:

Annotations:
D:2 Sigmund


Innate Abilities, Weirdness & Mutations

You have a pair of horns on your head.
You reflexively headbutt those who attack you in melee.


Message History

The magic dart hits you.
You closely miss Sigmund. You headbutt Sigmund.
Sigmund is lightly wounded.
Sigmund hits you with a +0 vampiric scythe.
Sigmund hits you but does no damage.
You're too confused to aim your attacks!
Sigmund hits you with a +0 vampiric scythe.
You're too confused to move!
You feel less confused. Sigmund hits you but does no damage.
You closely miss Sigmund.
Sigmund is lightly wounded.
Sigmund gestures at you while chanting.
You are confused.
Sigmund points at you and mumbles some strange words.
You resist with significant effort.
You are too confused!
You puncture Sigmund! Your headbutt misses Sigmund.
Sigmund is heavily wounded.
Sigmund barely misses you.
Sigmund hits you from afar with a +0 vampiric scythe.
Sigmund points at you and mumbles some strange words.
The magic dart hits you! Sigmund barely misses you.
You closely miss Sigmund. You headbutt Sigmund.
Sigmund is severely wounded.
Sigmund gestures at himself while chanting.
Sigmund flickers and vanishes!
Deactivating autopickup; reactivate with Ctrl-A.
You miss something.
You feel less confused.
Something hits you but does no damage. x2
You closely miss something. Something hits you!
* * * LOW HITPOINT WARNING * * *
You closely miss something. Something hits you.
* * * LOW HITPOINT WARNING * * *
You hear some strange, mumbled words.
You are confused.
You completely miss something. Something hits you.
You die...

#############
............## #
##.........##
####.##...#.......#
.......{....###...#
....##@..### #...#
### ##.## #...# #.#
##...# #.# #....#
#.# #.#..#
#.#####....#
#..........####
#######.......#
..............#


There were no monsters in sight!

Vanquished Creatures
  An iguana (D:2)
  5 bats
  2 endoplasms
  A giant cockroach (D:2)
  A goblin (D:1)
  A hobgoblin (D:1)
  2 jackals (D:1)
  2 kobolds (D:1)
  3 quokkas
  3 ball pythons
  A frilled lizard (D:2)
  2 rats
24 creatures vanquished.

Notes
Turn   | Place    | Note
-------+----------+-------------------------------------------
     0 | D:1      | bilbop the Minotaur Fighter began the quest for the Orb.
     0 | D:1      | Reached XP level 1. HP: 19/19 MP: 0/0
   114 | D:1      | Found a faded altar of an unknown god.
   268 | D:1      | Reached XP level 2. HP: 24/27 MP: 1/1
   915 | D:2      | Reached XP level 3. HP: 20/33 MP: 0/2
  1072 | D:2      | Noticed Sigmund
  1091 | D:2      | HP: 1/33 [something (4)]
  1092 | D:2      | Slain by Sigmund

Illustrated notes

Levels and vault maps discovered:
D:1:      shiori_shiawase, layout_basic, ebering_ecumenical_altar_hall
D:2:      layout_loops_ring, uniq_sigmund

Skill      XL: |  1  2 |
---------------+-------+-----
Shields        | 4 |  4.2
Fighting       | 4 |  4.2
Polearms       | 3 |  3.1
Armour         | 4 |  4.2

Action                   || total
-------------------------++-------
Melee: Trident           ||    78
       Headbutt          ||     9
Armor: Scale mail        ||    32
Dodge: Dodged            ||    25
Block: Kite shield       ||    29

Table legend: (Time is in decaauts)
 A = Elapsed time spent in this place.
 B = Non-inter-level travel time spent in this place.
 C = Inter-level travel time spent in this place.
 D = Time resting spent in this place.
 E = Time spent auto-exploring this place.
 F = Levels seen in this place.
 G = Mean time per level.
                   A        B        C        D        E       F      G
               +--------+--------+--------+--------+--------+-----+--------+
         Total |   1122 |   1072 |     50 |    102 |    798 |   2 |  561.0 |
       Dungeon |   1122 |   1072 |     50 |    102 |    798 |   2 |  561.0 |
               +--------+--------+--------+--------+--------+-----+--------+

Top non-repeatable levels by time:
     D:1: 903 daAuts
     D:2: 218 daAuts
